[ AOE2 MATCH · #505169565 ]
UnrankedPoles vs Turks
[ REPLAY ANALYSIS · EXTRACTED FROM THE RECORDED GAME ]
Feudal
12:06
Castle
19:37
Imperial
42:15
| APM avg | 14.0 |
| APM peak | 47 |
| eAPM avg | 10.8 |
| Villagers / military | 100 / 78 |
Focus
⚔️ 20.1% · 🌾 79.9%
Spearman ×33 · Knight ×32 · Scout Cavalry ×7 · Obuch ×5 · Militia ×1
Feudal
14:28
Castle
18:51
Imperial
24:33
| APM avg | 21.0 |
| APM peak | 52 |
| eAPM avg | 12.5 |
| Villagers / military | 116 / 52 |
Focus
⚔️ 23.0% · 🌾 77.0%
Spearman ×32 · Janissary ×18 · Bombard Cannon ×2
Feudal
11:00
Castle
15:39
Imperial
36:05
| APM avg | 23.2 |
| APM peak | 71 |
| eAPM avg | 14.7 |
| Villagers / military | 139 / 65 |
Focus
⚔️ 24.5% · 🌾 75.5%
Steppe Lancer ×36 · Camel Scout ×16 · Scout Cavalry ×13
Feudal
11:25
Castle
18:28
Imperial
35:56
| APM avg | 22.7 |
| APM peak | 43 |
| eAPM avg | 11.8 |
| Villagers / military | 81 / 88 |
Focus
⚔️ 26.2% · 🌾 73.8%
Shotel Warrior ×88 · Trade Cart ×2
Feudal
10:37
Castle
26:53
Imperial
39:22
| APM avg | 13.0 |
| APM peak | 33 |
| eAPM avg | 10.0 |
| Villagers / military | 118 / 44 |
Focus
⚔️ 23.3% · 🌾 76.7%
Camel Scout ×40 · Spearman ×4
Feudal
9:32
Castle
17:19
Imperial
37:54
| APM avg | 20.7 |
| APM peak | 45 |
| eAPM avg | 12.1 |
| Villagers / military | 103 / 34 |
Focus
⚔️ 16.4% · 🌾 83.6%
Ballista Elephant ×29 · Scout Cavalry ×4 · Monk ×1
Feudal
12:30
Castle
16:58
Imperial
39:54
| APM avg | 24.1 |
| APM peak | 49 |
| eAPM avg | 18.7 |
| Villagers / military | 224 / 163 |
Focus
⚔️ 30.7% · 🌾 69.3%
Steppe Lancer ×144 · Fire Lancer ×18 · Camel Scout ×1
Feudal
11:10
Castle
18:23
Imperial
34:33
| APM avg | 20.2 |
| APM peak | 51 |
| eAPM avg | 12.6 |
| Villagers / military | 111 / 29 |
Focus
⚔️ 24.0% · 🌾 76.0%
Unknown (1911) ×61 · Steppe Lancer ×28 · Fishing Ship ×10 · Unknown (1908) ×9 · Monk ×1
Match map
Initial resources + every placement click. Lines = walls · curves = elevation contours. ◆ gold · ⬟ stone · ● berries · ✦ relic · ◌ wall gap
Your base· ✓ Map-separated
Deathray's base· ✓ Map-separated
Solod's base· ✓ Map-separated
MikeMeanMachine's base· ✓ Map-separated
El viejo7335's base· ✓ Map-separated
vitavidal91's base· ✓ Map-separated
Antonio's base· ✓ Map-separated
GuilleLeopold17's base· ✓ Map-separated
Smoothed initial terrain · ◌ = detected wall gap · hover for details
Inputs per minute
— felipegarcia92 - - Deathray
Build order — felipegarcia92
First 150 of 244 actions detected
| 0:02 | Create | Villager (Male) |
| 0:03 | Create | Villager (Male) |
| 0:03 | Create | Villager (Male) |
| 0:04 | Create | Villager (Male) |
| 0:06 | Build | House |
| 0:08 | Build | House |
| 1:38 | Create | Villager (Male) |
| 2:10 | Create | Villager (Male) |
| 2:11 | Create | Villager (Male) |
| 2:28 | Create | Villager (Male) |
| 3:07 | Create | Villager (Male) |
| 3:27 | Create | Villager (Male) |
| 3:40 | Build | House |
| 3:46 | Build | Mill |
| 3:59 | Create | Villager (Male) |
| 4:30 | Research | Loom |
| 4:42 | Build | Lumber Camp |
| 5:11 | Create | Villager (Male) |
| 5:11 | Create | Villager (Male) |
| 5:24 | Create | Villager (Male) |
| 5:25 | Create | Villager (Male) |
| 5:25 | Create | Villager (Male) |
| 5:25 | Create | Villager (Male) |
| 6:35 | Create | Villager (Male) |
| 6:35 | Create | Villager (Male) |
| 6:35 | Create | Villager (Male) |
| 6:38 | Create | Villager (Male) |
| 7:17 | Build | House |
| 7:45 | Create | Villager (Male) |
| 7:46 | Create | Villager (Male) |
| 8:37 | Build | Farm |
| 8:37 | Build | Farm |
| 8:38 | Build | Farm |
| 8:39 | Build | Farm |
| 8:41 | Create | Villager (Male) |
| 8:41 | Create | Villager (Male) |
| 8:49 | Build | Mining Camp |
| 8:52 | Create | Villager (Male) |
| 9:12 | Build | Mining Camp |
| 9:54 | Research | Feudal Age |
| 10:18 | Build | Barracks |
| 10:23 | Build | House |
| 10:45 | Build | Farm |
| 11:10 | Create | Villager (Male) |
| 11:10 | Create | Villager (Male) |
| 12:06 | Age | Feudal Age |
| 12:17 | Build | Stable |
| 12:41 | Build | Blacksmith |
| 12:48 | Create | Villager (Male) |
| 13:18 | Create | Villager (Male) |
| 13:38 | Build | Farm |
| 13:42 | Create | Villager (Male) |
| 13:49 | Build | Farm |
| 14:02 | Create | Villager (Male) |
| 14:26 | Build | Farm |
| 14:32 | Create | Villager (Male) |
| 14:50 | Build | Farm |
| 14:50 | Build | Farm |
| 14:52 | Build | Farm |
| 14:57 | Build | Farm |
| 15:04 | Create | Villager (Male) |
| 15:05 | Create | Villager (Male) |
| 15:07 | Build | Farm |
| 15:24 | Create | Villager (Male) |
| 15:35 | Build | House |
| 15:59 | Build | Farm |
| 16:11 | Create | Villager (Male) |
| 16:24 | Build | Farm |
| 16:31 | Build | House |
| 16:54 | Build | Stable |
| 16:57 | Research | Castle Age |
| 17:30 | Research | Bloodlines |
| 17:32 | Create | Scout Cavalry |
| 17:57 | Research | Double-Bit Axe |
| 17:59 | Research | Horse Collar |
| 18:26 | Research | Scale Barding Armor |
| 18:39 | Build | House |
| 18:57 | Build | Farm |
| 18:57 | Build | Farm |
| 19:06 | Create | Scout Cavalry |
| 19:08 | Create | Scout Cavalry |
| 19:10 | Create | Spearman |
| 19:11 | Create | Spearman |
| 19:28 | Create | Villager (Male) |
| 19:28 | Create | Villager (Male) |
| 19:28 | Create | Villager (Male) |
| 19:35 | Create | Villager (Male) |
| 19:37 | Age | Castle Age |
| 19:59 | Create | Villager (Male) |
| 20:02 | Create | Scout Cavalry |
| 20:12 | Create | Knight |
| 20:15 | Create | Knight |
| 20:24 | Build | House |
| 20:37 | Build | Stone Wall |
| 20:44 | Build | Town Center |
| 20:48 | Create | Villager (Male) |
| 20:48 | Create | Villager (Male) |
| 20:51 | Create | Knight |
| 20:55 | Create | Knight |
| 21:13 | Create | Villager (Male) |
| 21:42 | Build | Lumber Camp |
| 21:47 | Build | Lumber Camp |
| 21:54 | Create | Villager (Male) |
| 21:54 | Create | Villager (Male) |
| 22:38 | Research | Husbandry |
| 22:42 | Research | Forging |
| 22:46 | Create | Villager (Male) |
| 22:54 | Build | Mining Camp |
| 22:57 | Create | Villager (Male) |
| 22:57 | Create | Villager (Male) |
| 23:03 | Create | Villager (Male) |
| 23:25 | Build | Farm |
| 23:27 | Create | Villager (Male) |
| 23:40 | Build | Mill |
| 23:52 | Build | Farm |
| 23:55 | Build | Farm |
| 23:57 | Create | Villager (Male) |
| 24:06 | Build | Farm |
| 24:18 | Research | Iron Casting |
| 24:34 | Build | Farm |
| 24:36 | Create | Villager (Male) |
| 24:37 | Create | Villager (Male) |
| 25:38 | Build | Stone Wall |
| 25:48 | Build | Dock |
| 25:51 | Build | Dock |
| 26:04 | Build | Farm |
| 26:07 | Create | Villager (Male) |
| 26:11 | Create | Villager (Male) |
| 26:15 | Create | Villager (Male) |
| 26:15 | Create | Villager (Male) |
| 26:41 | Create | Villager (Male) |
| 26:41 | Create | Villager (Male) |
| 26:56 | Build | Castle |
| 27:02 | Build | Mining Camp |
| 27:09 | Build | Farm |
| 27:10 | Build | Farm |
| 27:32 | Create | Villager (Male) |
| 27:34 | Create | Villager (Male) |
| 27:36 | Create | Villager (Male) |
| 27:40 | Create | Villager (Male) |
| 27:56 | Build | Farm |
| 28:03 | Create | Knight |
| 28:06 | Create | Knight ×5 |
| 28:06 | Create | Knight ×5 |
| 28:21 | Build | Watch Tower |
| 28:22 | Build | Watch Tower |
| 28:24 | Build | Watch Tower |
| 28:30 | Build | House |
| 28:48 | Research | Wheelbarrow |
| 28:51 | Create | Villager (Male) |
Build order — Deathray
First 150 of 259 actions detected
| 0:01 | Create | Villager (Male) |
| 0:02 | Create | Villager (Male) |
| 0:02 | Create | Villager (Male) |
| 0:02 | Create | Villager (Male) |
| 0:03 | Create | Villager (Male) |
| 0:09 | Build | House |
| 0:12 | Build | House |
| 1:38 | Create | Villager (Male) |
| 1:38 | Create | Villager (Male) |
| 2:02 | Build | Lumber Camp |
| 2:16 | Create | Villager (Male) |
| 2:16 | Create | Villager (Male) |
| 2:31 | Create | Villager (Male) |
| 2:31 | Create | Villager (Male) |
| 3:02 | Create | Villager (Male) |
| 3:03 | Create | Villager (Male) |
| 3:16 | Create | Villager (Male) |
| 3:17 | Create | Villager (Male) |
| 3:46 | Create | Villager (Male) |
| 3:46 | Create | Villager (Male) |
| 4:11 | Build | House |
| 4:13 | Build | House |
| 4:16 | Build | House |
| 4:17 | Build | House |
| 4:20 | Build | House |
| 4:22 | Create | Villager (Male) |
| 4:22 | Create | Villager (Male) |
| 4:29 | Create | Villager (Male) |
| 4:29 | Create | Villager (Male) |
| 4:59 | Create | Villager (Male) |
| 4:59 | Create | Villager (Male) |
| 5:00 | Create | Villager (Male) |
| 5:00 | Create | Villager (Male) |
| 5:39 | Create | Villager (Male) |
| 5:39 | Create | Villager (Male) |
| 6:14 | Create | Villager (Male) |
| 6:15 | Create | Villager (Male) |
| 6:33 | Create | Villager (Male) |
| 6:33 | Create | Villager (Male) |
| 6:49 | Build | House |
| 6:52 | Build | House |
| 6:53 | Build | House |
| 6:55 | Build | House |
| 6:58 | Build | House |
| 7:12 | Build | Mining Camp |
| 7:26 | Create | Villager (Male) |
| 7:27 | Create | Villager (Male) |
| 7:27 | Create | Villager (Male) |
| 7:27 | Create | Villager (Male) |
| 7:27 | Create | Villager (Male) |
| 8:02 | Create | Villager (Male) |
| 8:02 | Create | Villager (Male) |
| 8:03 | Create | Villager (Male) |
| 8:37 | Build | House |
| 8:40 | Build | House |
| 8:44 | Build | House |
| 8:47 | Build | House |
| 8:55 | Create | Villager (Male) |
| 8:55 | Create | Villager (Male) |
| 8:55 | Create | Villager (Male) |
| 9:17 | Create | Villager (Male) |
| 9:18 | Create | Villager (Male) |
| 9:18 | Create | Villager (Male) |
| 9:18 | Create | Villager (Male) |
| 9:18 | Create | Villager (Male) |
| 9:19 | Create | Villager (Male) |
| 9:19 | Create | Villager (Male) |
| 9:47 | Build | Mill |
| 10:04 | Create | Villager (Male) |
| 10:04 | Create | Villager (Male) |
| 10:05 | Create | Villager (Male) |
| 10:24 | Build | Farm |
| 10:27 | Build | Farm |
| 10:48 | Build | Mining Camp |
| 10:57 | Create | Villager (Male) |
| 10:57 | Create | Villager (Male) |
| 10:57 | Create | Villager (Male) |
| 10:57 | Create | Villager (Male) |
| 11:16 | Build | Farm |
| 11:23 | Build | Farm |
| 11:44 | Build | Farm |
| 11:46 | Create | Villager (Male) |
| 11:46 | Create | Villager (Male) |
| 11:46 | Create | Villager (Male) |
| 11:47 | Create | Villager (Male) |
| 12:05 | Build | Farm |
| 12:10 | Create | Villager (Male) |
| 12:10 | Create | Villager (Male) |
| 12:10 | Create | Villager (Male) |
| 12:10 | Create | Villager (Male) |
| 12:18 | Research | Feudal Age |
| 12:30 | Build | Farm |
| 12:32 | Build | Farm |
| 12:50 | Build | Farm |
| 12:53 | Build | Farm |
| 13:07 | Build | Farm |
| 13:24 | Build | House |
| 13:33 | Build | Palisade Gate |
| 13:35 | Build | House |
| 13:41 | Build | House |
| 13:43 | Build | House |
| 13:44 | Build | House |
| 13:47 | Build | House |
| 13:51 | Build | House |
| 13:54 | Build | House |
| 14:17 | Build | Farm |
| 14:21 | Build | Farm |
| 14:28 | Age | Feudal Age |
| 14:57 | Build | Blacksmith |
| 15:35 | Build | Market |
| 15:37 | Create | Villager (Male) |
| 15:53 | Build | Farm |
| 16:04 | Research | Double-Bit Axe |
| 16:11 | Research | Castle Age |
| 17:03 | Research | Stone Mining |
| 17:07 | Research | Gold Mining |
| 18:51 | Age | Castle Age |
| 19:08 | Build | Castle |
| 19:40 | Build | Farm |
| 21:10 | Build | Farm |
| 21:23 | Research | Imperial Age |
| 22:28 | Create | Janissary |
| 22:30 | Create | Janissary |
| 22:30 | Create | Janissary |
| 22:31 | Create | Janissary |
| 22:31 | Create | Janissary |
| 22:31 | Create | Janissary |
| 23:26 | Build | Market |
| 23:52 | Create | Janissary |
| 24:08 | Build | Siege Workshop |
| 24:15 | Build | House |
| 24:18 | Build | House |
| 24:20 | Build | House |
| 24:25 | Create | Villager (Male) |
| 24:26 | Create | Villager (Male) |
| 24:26 | Create | Villager (Male) |
| 24:33 | Age | Imperial Age |
| 24:36 | Create | Janissary |
| 24:52 | Build | Barracks |
| 24:57 | Build | Farm |
| 24:58 | Build | Farm |
| 25:12 | Create | Janissary |
| 25:13 | Create | Janissary |
| 25:13 | Create | Janissary |
| 25:13 | Create | Janissary |
| 25:13 | Create | Janissary |
| 25:13 | Create | Janissary |
| 25:32 | Create | Villager (Male) |
| 25:33 | Create | Villager (Male) |
| 25:57 | Build | Farm |
Build order — Solod
First 150 of 318 actions detected
| 0:02 | Create | Villager (Male) |
| 0:02 | Create | Villager (Male) |
| 0:02 | Create | Villager (Male) |
| 0:05 | Build | House |
| 0:07 | Build | House |
| 0:08 | Create | Villager (Male) |
| 0:08 | Create | Villager (Male) |
| 1:32 | Create | Villager (Male) |
| 1:32 | Create | Villager (Male) |
| 2:02 | Create | Villager (Male) |
| 2:05 | Build | Lumber Camp |
| 2:16 | Create | Villager (Male) |
| 2:16 | Create | Villager (Male) |
| 2:58 | Create | Villager (Male) |
| 2:58 | Create | Villager (Male) |
| 3:22 | Create | Villager (Male) |
| 3:22 | Create | Villager (Male) |
| 3:38 | Build | House |
| 3:40 | Build | House |
| 3:50 | Create | Villager (Male) |
| 3:50 | Create | Villager (Male) |
| 3:50 | Create | Villager (Male) |
| 3:57 | Create | Villager (Male) |
| 4:51 | Create | Villager (Male) |
| 4:52 | Create | Villager (Male) |
| 5:06 | Create | Villager (Male) |
| 5:06 | Create | Villager (Male) |
| 5:29 | Create | Villager (Male) |
| 5:29 | Create | Villager (Male) |
| 5:44 | Create | Villager (Male) |
| 5:45 | Create | Villager (Male) |
| 6:23 | Create | Villager (Male) |
| 6:26 | Create | Villager (Male) |
| 6:35 | Build | Mill |
| 7:03 | Create | Villager (Male) |
| 7:04 | Create | Villager (Male) |
| 7:20 | Build | Pasture |
| 7:20 | Build | Pasture |
| 7:43 | Build | Pasture |
| 8:06 | Build | Pasture |
| 8:26 | Research | Feudal Age |
| 8:41 | Build | Mining Camp |
| 11:00 | Age | Feudal Age |
| 11:04 | Build | Market |
| 11:05 | Build | Blacksmith |
| 11:53 | Build | Pasture |
| 11:54 | Build | Pasture |
| 12:20 | Build | Barracks |
| 12:59 | Research | Castle Age |
| 13:05 | Research | Double-Bit Axe |
| 13:10 | Build | House |
| 13:11 | Build | House |
| 13:46 | Build | Stable |
| 14:12 | Research | Forging |
| 14:41 | Research | Gold Mining |
| 14:45 | Create | Villager (Male) |
| 14:46 | Create | Villager (Male) |
| 15:39 | Age | Castle Age |
| 15:41 | Create | Steppe Lancer |
| 15:43 | Create | Steppe Lancer |
| 15:53 | Build | Town Center |
| 16:07 | Create | Villager (Male) |
| 16:23 | Create | Steppe Lancer |
| 16:36 | Create | Villager (Male) |
| 16:43 | Create | Steppe Lancer |
| 17:02 | Build | House |
| 17:03 | Build | House |
| 17:06 | Build | House |
| 17:09 | Create | Villager (Male) |
| 17:18 | Create | Steppe Lancer |
| 17:21 | Create | Steppe Lancer |
| 17:33 | Create | Villager (Male) |
| 17:33 | Create | Villager (Male) |
| 18:15 | Create | Villager (Male) |
| 18:15 | Create | Villager (Male) |
| 18:19 | Build | Pasture |
| 18:23 | Research | Loom |
| 18:41 | Create | Villager (Male) |
| 18:57 | Create | Villager (Male) |
| 19:32 | Create | Villager (Male) |
| 19:35 | Build | Pasture |
| 19:38 | Create | Steppe Lancer |
| 20:17 | Create | Villager (Male) |
| 20:30 | Create | Villager (Male) |
| 20:36 | Build | Pasture |
| 20:42 | Build | Lumber Camp |
| 20:44 | Create | Villager (Male) |
| 20:46 | Create | Villager (Male) |
| 20:58 | Build | Lumber Camp |
| 21:05 | Create | Villager (Male) |
| 21:07 | Create | Villager (Male) |
| 21:47 | Build | Pasture |
| 21:48 | Create | Villager (Male) |
| 21:49 | Create | Villager (Male) |
| 22:17 | Create | Villager (Male) |
| 22:20 | Create | Villager (Male) |
| 22:25 | Build | House |
| 22:27 | Build | House |
| 22:28 | Build | House |
| 22:29 | Build | House |
| 22:30 | Build | House |
| 22:31 | Create | Villager (Male) |
| 22:55 | Create | Villager (Male) |
| 23:03 | Build | Pasture |
| 23:04 | Create | Villager (Male) |
| 23:05 | Create | Villager (Male) |
| 23:20 | Create | Steppe Lancer |
| 23:20 | Create | Steppe Lancer |
| 23:24 | Create | Villager (Male) |
| 23:24 | Create | Villager (Male) |
| 23:32 | Build | Stable |
| 23:33 | Build | Stable |
| 23:34 | Build | Stable |
| 23:36 | Build | Stable |
| 23:38 | Build | Stable |
| 23:41 | Create | Villager (Male) |
| 23:42 | Create | Villager (Male) |
| 23:42 | Create | Villager (Male) |
| 23:46 | Build | Pasture |
| 23:49 | Research | Tech 1014 |
| 24:19 | Create | Villager (Male) |
| 24:24 | Build | Town Center |
| 24:30 | Create | Villager (Male) |
| 24:30 | Create | Villager (Male) |
| 24:37 | Create | Villager (Male) |
| 24:38 | Create | Villager (Male) |
| 24:47 | Research | Husbandry |
| 24:53 | Build | Pasture |
| 25:16 | Create | Steppe Lancer |
| 25:17 | Create | Steppe Lancer |
| 25:18 | Create | Villager (Male) |
| 25:22 | Build | Pasture |
| 25:26 | Create | Villager (Male) |
| 25:33 | Create | Steppe Lancer |
| 25:40 | Build | Pasture |
| 25:53 | Create | Steppe Lancer |
| 25:56 | Create | Villager (Male) |
| 25:57 | Create | Villager (Male) |
| 26:09 | Build | Pasture |
| 26:15 | Create | Villager (Male) |
| 26:18 | Create | Villager (Male) |
| 26:25 | Create | Steppe Lancer |
| 26:25 | Create | Steppe Lancer |
| 26:41 | Build | Pasture |
| 26:43 | Create | Villager (Male) |
| 26:44 | Create | Villager (Male) |
| 26:44 | Create | Villager (Male) |
| 26:48 | Create | Villager (Male) |
| 26:54 | Build | Mining Camp |
| 27:09 | Create | Villager (Male) |
Build order — MikeMeanMachine
First 150 of 253 actions detected
| 0:02 | Create | Villager (Male) |
| 0:02 | Create | Villager (Male) |
| 0:04 | Build | House |
| 0:06 | Build | House |
| 0:11 | Create | Villager (Male) |
| 0:11 | Create | Villager (Male) |
| 1:42 | Create | Villager (Male) |
| 1:42 | Create | Villager (Male) |
| 2:07 | Create | Villager (Male) |
| 2:21 | Create | Villager (Male) |
| 2:50 | Build | Lumber Camp |
| 2:52 | Create | Villager (Male) |
| 3:06 | Create | Villager (Male) |
| 3:50 | Create | Villager (Male) |
| 3:50 | Create | Villager (Male) |
| 4:21 | Build | House |
| 4:51 | Create | Villager (Male) |
| 4:51 | Create | Villager (Male) |
| 5:03 | Build | Mining Camp |
| 5:14 | Create | Villager (Male) |
| 5:38 | Create | Villager (Male) |
| 5:53 | Create | Villager (Male) |
| 6:12 | Create | Villager (Male) |
| 6:45 | Create | Villager (Male) |
| 7:03 | Research | Loom |
| 7:05 | Create | Villager (Male) |
| 7:08 | Build | House |
| 7:58 | Build | Mining Camp |
| 8:12 | Build | Mill |
| 8:14 | Create | Villager (Male) |
| 9:15 | Research | Feudal Age |
| 10:24 | Create | Villager (Male) |
| 10:41 | Build | Lumber Camp |
| 11:19 | Build | Farm |
| 11:20 | Build | Farm |
| 11:25 | Age | Feudal Age |
| 11:31 | Create | Villager (Male) |
| 11:35 | Build | Blacksmith |
| 11:56 | Build | Market |
| 11:58 | Create | Villager (Male) |
| 12:13 | Create | Villager (Male) |
| 12:26 | Build | Farm |
| 12:32 | Build | Farm |
| 12:47 | Build | House |
| 13:01 | Build | Farm |
| 13:15 | Build | House |
| 13:17 | Create | Villager (Male) |
| 13:21 | Research | Wheelbarrow |
| 13:28 | Build | Farm |
| 14:11 | Build | Farm |
| 14:15 | Build | Farm |
| 14:45 | Build | Farm |
| 14:54 | Create | Villager (Male) |
| 15:01 | Build | Mining Camp |
| 15:23 | Create | Villager (Male) |
| 15:44 | Build | Barracks |
| 15:47 | Research | Castle Age |
| 16:54 | Research | Gold Mining |
| 17:39 | Research | Double-Bit Axe |
| 17:42 | Research | Horse Collar |
| 18:28 | Age | Castle Age |
| 18:29 | Create | Villager (Male) |
| 18:50 | Build | Castle |
| 18:56 | Build | Lumber Camp |
| 19:00 | Create | Villager (Male) |
| 19:01 | Create | Villager (Male) |
| 19:05 | Research | Bow Saw |
| 19:21 | Build | Town Center |
| 19:27 | Create | Villager (Male) |
| 19:47 | Create | Villager (Male) |
| 19:47 | Create | Villager (Male) |
| 20:01 | Create | Villager (Male) |
| 20:19 | Create | Shotel Warrior |
| 20:20 | Create | Shotel Warrior |
| 20:33 | Create | Villager (Male) |
| 20:51 | Create | Villager (Male) |
| 20:58 | Build | Farm |
| 21:09 | Build | Town Center |
| 21:18 | Create | Villager (Male) |
| 21:48 | Create | Villager (Male) |
| 21:48 | Create | Villager (Male) |
| 21:56 | Build | Farm |
| 21:59 | Build | Farm |
| 22:04 | Create | Villager (Male) |
| 22:15 | Create | Villager (Male) |
| 22:22 | Build | House |
| 22:23 | Build | House |
| 22:36 | Create | Shotel Warrior |
| 22:36 | Create | Shotel Warrior |
| 22:37 | Create | Shotel Warrior |
| 22:49 | Research | Scale Mail Armor |
| 22:51 | Create | Villager (Male) |
| 23:03 | Create | Villager (Male) |
| 23:06 | Build | Farm |
| 23:08 | Build | Farm |
| 23:13 | Build | Farm |
| 23:19 | Build | Farm |
| 23:22 | Build | Farm |
| 23:27 | Create | Villager (Male) |
| 23:28 | Create | Villager (Male) |
| 23:33 | Build | House |
| 23:35 | Create | Shotel Warrior |
| 23:50 | Build | Archery Range |
| 23:54 | Create | Villager (Male) |
| 24:08 | Create | Villager (Male) |
| 24:08 | Create | Villager (Male) |
| 24:14 | Create | Shotel Warrior |
| 24:21 | Create | Shotel Warrior |
| 24:21 | Create | Shotel Warrior |
| 24:28 | Build | Lumber Camp |
| 24:34 | Build | Farm |
| 24:35 | Build | Farm |
| 24:37 | Create | Shotel Warrior |
| 24:38 | Create | Shotel Warrior |
| 24:51 | Create | Villager (Male) |
| 24:51 | Create | Villager (Male) |
| 24:57 | Create | Shotel Warrior |
| 24:57 | Create | Shotel Warrior |
| 25:28 | Build | House |
| 25:31 | Create | Villager (Male) |
| 25:32 | Create | Shotel Warrior |
| 25:33 | Create | Shotel Warrior |
| 25:42 | Build | Archery Range |
| 25:50 | Create | Shotel Warrior |
| 26:03 | Create | Shotel Warrior |
| 26:03 | Create | Shotel Warrior |
| 26:19 | Research | Forging |
| 26:31 | Create | Shotel Warrior |
| 26:31 | Create | Shotel Warrior |
| 26:34 | Create | Villager (Male) |
| 26:34 | Create | Villager (Male) |
| 26:47 | Create | Villager (Male) |
| 26:48 | Create | Villager (Male) |
| 26:52 | Build | Farm |
| 26:54 | Build | House |
| 26:56 | Build | House |
| 26:59 | Build | Farm |
| 27:02 | Create | Villager (Male) |
| 27:33 | Create | Shotel Warrior |
| 27:34 | Create | Shotel Warrior |
| 27:34 | Create | Shotel Warrior |
| 27:35 | Create | Villager (Male) |
| 27:36 | Create | Villager (Male) |
| 27:36 | Create | Villager (Male) |
| 27:45 | Build | Mill |
| 27:52 | Research | Heavy Plow |
| 27:57 | Create | Villager (Male) |
| 28:05 | Create | Shotel Warrior |
| 28:25 | Create | Shotel Warrior |
| 28:26 | Create | Shotel Warrior |
Build order — El viejo7335
First 150 of 277 actions detected
| 0:02 | Create | Villager (Male) |
| 0:02 | Create | Villager (Male) |
| 0:02 | Create | Villager (Male) |
| 0:03 | Create | Villager (Male) |
| 0:03 | Create | Villager (Male) |
| 0:11 | Build | House |
| 0:18 | Build | House |
| 1:30 | Create | Villager (Male) |
| 1:31 | Create | Villager (Male) |
| 1:57 | Create | Villager (Male) |
| 1:57 | Create | Villager (Male) |
| 2:27 | Create | Villager (Male) |
| 2:27 | Create | Villager (Male) |
| 2:27 | Create | Villager (Male) |
| 3:06 | Create | Villager (Male) |
| 3:06 | Create | Villager (Male) |
| 3:07 | Create | Villager (Male) |
| 3:35 | Build | House |
| 3:36 | Create | Villager (Male) |
| 3:48 | Build | House |
| 3:50 | Create | Villager (Male) |
| 3:50 | Create | Villager (Male) |
| 3:50 | Create | Villager (Male) |
| 4:31 | Build | Lumber Camp |
| 4:40 | Create | Villager (Male) |
| 5:04 | Create | Villager (Male) |
| 5:37 | Create | Villager (Male) |
| 5:38 | Create | Villager (Male) |
| 6:15 | Create | Villager (Male) |
| 6:57 | Create | Villager (Male) |
| 7:33 | Research | Loom |
| 7:58 | Build | Mill |
| 8:02 | Create | Villager (Male) |
| 8:18 | Research | Feudal Age |
| 9:02 | Build | House |
| 9:04 | Build | House |
| 9:05 | Build | House |
| 9:48 | Build | Mining Camp |
| 10:08 | Create | Villager (Male) |
| 10:08 | Create | Villager (Male) |
| 10:37 | Age | Feudal Age |
| 11:26 | Build | Farm |
| 11:29 | Build | Farm |
| 11:31 | Build | Farm |
| 11:35 | Build | Farm |
| 11:41 | Build | Farm |
| 11:44 | Create | Villager (Male) |
| 11:44 | Create | Villager (Male) |
| 11:44 | Create | Villager (Male) |
| 11:46 | Create | Villager (Male) |
| 12:14 | Research | Horse Collar |
| 12:43 | Build | Farm |
| 12:47 | Create | Villager (Male) |
| 12:58 | Build | House |
| 13:04 | Build | House |
| 13:07 | Build | Farm |
| 13:11 | Create | Villager (Male) |
| 13:11 | Create | Villager (Male) |
| 13:17 | Build | Lumber Camp |
| 13:33 | Build | Farm |
| 14:00 | Build | Farm |
| 14:18 | Build | Farm |
| 14:23 | Create | Villager (Male) |
| 14:23 | Create | Villager (Male) |
| 14:50 | Build | Farm |
| 14:58 | Create | Villager (Male) |
| 15:13 | Build | Farm |
| 15:32 | Create | Villager (Male) |
| 15:32 | Create | Villager (Male) |
| 15:55 | Create | Villager (Male) |
| 15:56 | Create | Villager (Male) |
| 16:03 | Build | House |
| 16:06 | Build | House |
| 16:33 | Build | Farm |
| 16:48 | Build | Barracks |
| 16:54 | Build | Farm |
| 17:17 | Build | Farm |
| 17:31 | Create | Villager (Male) |
| 17:41 | Build | Blacksmith |
| 17:48 | Build | Farm |
| 17:52 | Create | Villager (Male) |
| 18:06 | Build | Market |
| 18:11 | Build | Farm |
| 18:14 | Create | Villager (Male) |
| 18:16 | Create | Villager (Male) |
| 18:25 | Create | Spearman |
| 18:25 | Create | Spearman |
| 18:25 | Create | Spearman |
| 18:26 | Create | Spearman |
| 18:52 | Build | House |
| 18:55 | Build | House |
| 19:11 | Build | Palisade Gate |
| 19:19 | Build | House |
| 19:26 | Build | House |
| 19:33 | Create | Villager (Male) |
| 19:38 | Create | Villager (Male) |
| 20:53 | Create | Villager (Male) |
| 20:53 | Create | Villager (Male) |
| 20:57 | Create | Villager (Male) |
| 20:57 | Create | Villager (Male) |
| 21:36 | Create | Villager (Male) |
| 22:02 | Build | Gate |
| 22:26 | Research | Double-Bit Axe |
| 22:38 | Research | Stone Mining |
| 22:41 | Create | Villager (Male) |
| 22:44 | Build | Farm |
| 22:56 | Build | House |
| 23:01 | Build | House |
| 23:11 | Create | Villager (Male) |
| 23:45 | Create | Villager (Male) |
| 23:50 | Research | Castle Age |
| 24:43 | Build | Stable |
| 24:49 | Build | Stable |
| 24:54 | Research | Scale Barding Armor |
| 24:55 | Research | Forging |
| 25:00 | Research | Arson |
| 25:14 | Research | Gold Mining |
| 25:45 | Research | Padded Archer Armor |
| 26:06 | Create | Villager (Male) |
| 26:06 | Create | Villager (Male) |
| 26:07 | Create | Villager (Male) |
| 26:07 | Create | Villager (Male) |
| 26:26 | Build | Stable |
| 26:41 | Build | Farm |
| 26:53 | Age | Castle Age |
| 26:59 | Research | Husbandry |
| 27:01 | Research | Bloodlines |
| 27:04 | Research | Iron Casting |
| 27:05 | Research | Chain Barding Armor |
| 27:51 | Build | Mining Camp |
| 27:57 | Create | Villager (Male) |
| 28:01 | Research | Heavy Plow |
| 28:08 | Create | Camel Scout |
| 28:09 | Create | Camel Scout |
| 28:09 | Create | Camel Scout |
| 28:09 | Create | Camel Scout |
| 28:09 | Create | Camel Scout |
| 28:10 | Create | Camel Scout |
| 28:10 | Create | Camel Scout |
| 28:10 | Create | Camel Scout |
| 28:10 | Create | Camel Scout |
| 28:11 | Create | Camel Scout |
| 28:11 | Create | Camel Scout |
| 28:11 | Create | Camel Scout |
| 28:12 | Create | Camel Scout |
| 28:12 | Create | Camel Scout |
| 28:12 | Create | Camel Scout |
| 28:42 | Create | Villager (Male) |
| 28:43 | Create | Villager (Male) |
| 29:01 | Create | Villager (Male) |
Build order — vitavidal91
First 150 of 263 actions detected
| 0:02 | Create | Villager (Male) |
| 0:02 | Create | Villager (Male) |
| 0:02 | Create | Villager (Male) |
| 0:04 | Build | House |
| 0:05 | Build | House |
| 0:32 | Create | Villager (Male) |
| 1:39 | Create | Villager (Male) |
| 2:03 | Create | Villager (Male) |
| 2:35 | Create | Villager (Male) |
| 2:54 | Create | Villager (Male) |
| 3:24 | Create | Villager (Male) |
| 3:46 | Create | Villager (Male) |
| 4:07 | Create | Villager (Male) |
| 4:28 | Create | Villager (Male) |
| 4:57 | Create | Villager (Male) |
| 5:00 | Build | House |
| 5:03 | Create | Villager (Male) |
| 5:52 | Create | Villager (Male) |
| 6:36 | Create | Villager (Male) |
| 7:03 | Create | Villager (Male) |
| 7:22 | Research | Feudal Age |
| 7:29 | Build | Lumber Camp |
| 8:59 | Build | Mining Camp |
| 9:32 | Age | Feudal Age |
| 9:34 | Create | Villager (Male) |
| 9:43 | Build | House |
| 9:50 | Research | Wheelbarrow |
| 9:55 | Create | Villager (Male) |
| 10:29 | Build | House |
| 10:33 | Build | House |
| 10:35 | Build | House |
| 10:36 | Build | House |
| 10:38 | Create | Villager (Male) |
| 10:41 | Build | Farm |
| 10:50 | Build | Farm |
| 10:56 | Build | Farm |
| 11:02 | Build | Farm |
| 11:08 | Build | Farm |
| 11:10 | Create | Villager (Male) |
| 11:15 | Build | Farm |
| 11:24 | Create | Villager (Male) |
| 11:36 | Build | Farm |
| 11:39 | Build | Farm |
| 11:43 | Create | Villager (Male) |
| 12:34 | Build | Stable |
| 12:42 | Create | Villager (Male) |
| 12:53 | Build | Farm |
| 13:23 | Create | Villager (Male) |
| 13:42 | Build | Blacksmith |
| 13:55 | Build | Farm |
| 13:57 | Build | Farm |
| 13:58 | Build | Farm |
| 14:14 | Create | Villager (Male) |
| 14:39 | Research | Castle Age |
| 14:49 | Build | Mining Camp |
| 14:51 | Create | Scout Cavalry |
| 15:16 | Create | Scout Cavalry |
| 15:37 | Research | Double-Bit Axe |
| 15:54 | Create | Scout Cavalry |
| 16:21 | Create | Scout Cavalry |
| 16:51 | Create | Villager (Male) |
| 16:52 | Create | Villager (Male) |
| 17:19 | Age | Castle Age |
| 17:36 | Build | Town Center |
| 17:39 | Create | Villager (Male) |
| 18:17 | Research | Husbandry |
| 18:19 | Research | Forging |
| 18:58 | Create | Villager (Male) |
| 19:01 | Create | Villager (Male) |
| 19:07 | Create | Villager (Male) |
| 19:08 | Create | Villager (Male) |
| 19:15 | Create | Villager (Male) |
| 19:16 | Create | Villager (Male) |
| 19:16 | Create | Villager (Male) |
| 19:30 | Build | Farm |
| 20:29 | Create | Villager (Male) |
| 20:29 | Create | Villager (Male) |
| 20:31 | Create | Villager (Male) |
| 20:31 | Create | Villager (Male) |
| 20:31 | Create | Villager (Male) |
| 20:31 | Create | Villager (Male) |
| 21:08 | Research | Loom |
| 21:26 | Research | Bloodlines |
| 21:41 | Research | Light Cavalry (upgrade) |
| 21:49 | Research | Bloodlines |
| 21:51 | Research | Scale Barding Armor |
| 21:54 | Create | Villager (Male) |
| 21:54 | Create | Villager (Male) |
| 22:09 | Create | Villager (Male) |
| 22:10 | Create | Villager (Male) |
| 22:16 | Build | House |
| 22:17 | Build | House |
| 22:18 | Build | House |
| 22:19 | Build | House |
| 22:19 | Build | House |
| 22:19 | Build | House |
| 22:19 | Build | House |
| 22:20 | Build | House |
| 22:21 | Build | House |
| 22:22 | Build | House |
| 22:22 | Build | House |
| 22:22 | Build | House |
| 22:22 | Build | House |
| 22:23 | Build | House |
| 22:24 | Build | House |
| 22:25 | Build | House |
| 22:57 | Research | Wheelbarrow |
| 23:16 | Create | Villager (Male) |
| 23:17 | Create | Villager (Male) |
| 23:49 | Create | Villager (Male) |
| 23:50 | Create | Villager (Male) |
| 24:24 | Create | Villager (Male) |
| 24:25 | Create | Villager (Male) |
| 24:28 | Create | Villager (Male) |
| 24:35 | Build | Farm |
| 24:37 | Build | Farm |
| 24:38 | Build | Farm |
| 24:40 | Build | Farm |
| 24:40 | Build | Farm |
| 24:45 | Build | Farm |
| 24:46 | Build | Farm |
| 25:49 | Create | Villager (Male) |
| 25:50 | Create | Villager (Male) |
| 25:50 | Create | Villager (Male) |
| 25:51 | Create | Villager (Male) |
| 25:51 | Create | Villager (Male) |
| 25:52 | Create | Villager (Male) |
| 26:11 | Build | Castle |
| 26:15 | Build | Mining Camp |
| 26:35 | Build | Farm |
| 27:18 | Research | Hand Cart |
| 27:20 | Create | Villager (Male) |
| 27:21 | Create | Villager (Male) |
| 27:21 | Create | Villager (Male) |
| 27:28 | Build | Farm |
| 27:29 | Build | Farm |
| 27:35 | Build | Farm |
| 27:38 | Build | Farm |
| 27:58 | Create | Ballista Elephant |
| 27:58 | Create | Ballista Elephant |
| 28:10 | Build | University |
| 28:18 | Research | Bow Saw |
| 28:33 | Build | Mill |
| 28:36 | Create | Villager (Male) |
| 28:37 | Create | Villager (Male) |
| 28:39 | Create | Villager (Male) |
| 28:39 | Create | Villager (Male) |
| 28:56 | Create | Ballista Elephant |
| 29:04 | Create | Villager (Male) |
| 29:08 | Create | Ballista Elephant |
Build order — Antonio
First 150 of 545 actions detected
| 0:04 | Build | House |
| 0:06 | Create | Villager (Male) |
| 0:06 | Create | Villager (Male) |
| 0:10 | Build | House |
| 0:18 | Create | Villager (Male) |
| 0:19 | Create | Villager (Male) |
| 0:19 | Create | Villager (Male) |
| 0:19 | Create | Villager (Male) |
| 0:47 | Build | House |
| 0:49 | Build | House |
| 1:43 | Create | Villager (Male) |
| 1:43 | Create | Villager (Male) |
| 1:43 | Create | Villager (Male) |
| 2:10 | Build | Lumber Camp |
| 2:14 | Create | Villager (Male) |
| 2:14 | Create | Villager (Male) |
| 2:14 | Create | Villager (Male) |
| 2:14 | Create | Villager (Male) |
| 2:31 | Create | Villager (Male) |
| 2:32 | Create | Villager (Male) |
| 2:32 | Create | Villager (Male) |
| 3:09 | Create | Villager (Male) |
| 3:09 | Create | Villager (Male) |
| 3:10 | Create | Villager (Male) |
| 3:27 | Create | Villager (Male) |
| 3:27 | Create | Villager (Male) |
| 3:27 | Create | Villager (Male) |
| 3:28 | Create | Villager (Male) |
| 3:28 | Create | Villager (Male) |
| 4:11 | Create | Villager (Male) |
| 4:11 | Create | Villager (Male) |
| 4:31 | Create | Villager (Male) |
| 4:31 | Create | Villager (Male) |
| 5:33 | Create | Villager (Male) |
| 5:33 | Create | Villager (Male) |
| 5:34 | Create | Villager (Male) |
| 5:34 | Create | Villager (Male) |
| 5:34 | Create | Villager (Male) |
| 5:34 | Create | Villager (Male) |
| 5:35 | Create | Villager (Male) |
| 5:55 | Build | Mill |
| 6:01 | Build | Mill |
| 6:07 | Create | Villager (Male) |
| 6:08 | Create | Villager (Male) |
| 6:08 | Create | Villager (Male) |
| 6:08 | Create | Villager (Male) |
| 6:18 | Build | Mining Camp |
| 6:42 | Create | Villager (Male) |
| 6:42 | Create | Villager (Male) |
| 7:41 | Build | House |
| 7:43 | Build | House |
| 7:45 | Build | House |
| 7:50 | Build | House |
| 7:53 | Build | House |
| 7:56 | Build | House |
| 8:41 | Build | Pasture |
| 9:01 | Build | Lumber Camp |
| 9:02 | Create | Villager (Male) |
| 9:02 | Create | Villager (Male) |
| 9:02 | Create | Villager (Male) |
| 9:25 | Research | Loom |
| 10:20 | Research | Feudal Age |
| 10:51 | Build | Pasture |
| 11:28 | Build | Pasture |
| 11:33 | Build | Pasture |
| 11:44 | Build | Pasture |
| 12:06 | Build | Pasture |
| 12:14 | Build | Pasture |
| 12:18 | Build | Pasture |
| 12:30 | Age | Feudal Age |
| 12:35 | Create | Villager (Male) |
| 12:35 | Create | Villager (Male) |
| 12:48 | Build | Market |
| 12:59 | Build | Blacksmith |
| 13:24 | Build | Pasture |
| 13:28 | Create | Villager (Male) |
| 14:18 | Research | Castle Age |
| 14:18 | Research | Castle Age |
| 14:19 | Research | Castle Age |
| 14:43 | Build | Barracks |
| 15:34 | Build | Palisade Wall |
| 15:41 | Build | Palisade Wall |
| 15:52 | Create | Villager (Male) |
| 15:55 | Research | Tech 1014 |
| 15:56 | Research | Double-Bit Axe |
| 16:58 | Age | Castle Age |
| 17:07 | Create | Villager (Male) |
| 17:12 | Build | Town Center |
| 17:15 | Create | Villager (Male) |
| 17:36 | Build | Mining Camp |
| 17:41 | Create | Villager (Male) |
| 18:00 | Build | Town Center |
| 18:05 | Create | Villager (Male) |
| 18:11 | Research | Bow Saw |
| 18:13 | Create | Villager (Male) |
| 18:21 | Create | Villager (Male) |
| 18:21 | Create | Villager (Male) |
| 18:22 | Create | Villager (Male) |
| 18:28 | Create | Fire Lancer |
| 18:30 | Create | Villager (Male) |
| 18:47 | Create | Villager (Male) |
| 19:06 | Create | Fire Lancer |
| 19:07 | Create | Fire Lancer |
| 19:24 | Create | Villager (Male) |
| 19:35 | Research | Forging |
| 19:35 | Create | Villager (Male) |
| 19:41 | Research | Tech 1013 |
| 19:44 | Research | Gold Mining |
| 19:45 | Create | Villager (Male) |
| 19:46 | Create | Villager (Male) |
| 19:58 | Build | Pasture |
| 19:58 | Create | Villager (Male) |
| 19:59 | Create | Villager (Male) |
| 19:59 | Create | Villager (Male) |
| 20:10 | Create | Villager (Male) |
| 20:11 | Create | Villager (Male) |
| 20:25 | Build | Lumber Camp |
| 20:30 | Create | Villager (Male) |
| 20:31 | Create | Villager (Male) |
| 20:31 | Create | Villager (Male) |
| 20:36 | Create | Villager (Male) |
| 20:37 | Create | Villager (Male) |
| 20:47 | Build | Pasture |
| 20:49 | Create | Villager (Male) |
| 21:06 | Build | Stable |
| 21:07 | Create | Villager (Male) |
| 21:07 | Create | Villager (Male) |
| 21:08 | Create | Villager (Male) |
| 21:08 | Create | Villager (Male) |
| 21:16 | Create | Villager (Male) |
| 21:16 | Create | Villager (Male) |
| 21:21 | Build | Pasture |
| 21:26 | Create | Villager (Male) |
| 21:34 | Build | Pasture |
| 21:38 | Create | Villager (Male) |
| 21:39 | Create | Villager (Male) |
| 21:44 | Create | Fire Lancer |
| 21:52 | Create | Villager (Male) |
| 21:52 | Create | Villager (Male) |
| 21:53 | Create | Villager (Male) |
| 22:01 | Build | Pasture |
| 22:02 | Create | Villager (Male) |
| 22:03 | Create | Villager (Male) |
| 22:16 | Create | Villager (Male) |
| 22:16 | Create | Villager (Male) |
| 22:21 | Create | Villager (Male) |
| 22:22 | Create | Villager (Male) |
| 22:29 | Create | Villager (Male) |
| 22:29 | Create | Villager (Male) |
| 22:30 | Create | Villager (Male) |
Build order — GuilleLeopold17
First 150 of 332 actions detected
| 0:02 | Create | Villager (Male) |
| 0:03 | Create | Villager (Male) |
| 0:03 | Create | Villager (Male) |
| 0:03 | Create | Villager (Male) |
| 0:06 | Build | House |
| 0:08 | Build | House |
| 1:29 | Create | Villager (Male) |
| 1:30 | Create | Villager (Male) |
| 2:03 | Build | Lumber Camp |
| 2:14 | Create | Villager (Male) |
| 2:15 | Create | Villager (Male) |
| 2:15 | Create | Villager (Male) |
| 2:43 | Create | Villager (Male) |
| 3:10 | Create | Villager (Male) |
| 3:10 | Create | Villager (Male) |
| 3:19 | Create | Villager (Male) |
| 3:19 | Create | Villager (Male) |
| 3:48 | Create | Villager (Male) |
| 3:48 | Create | Villager (Male) |
| 4:43 | Create | Villager (Male) |
| 4:43 | Create | Villager (Male) |
| 4:48 | Build | House |
| 4:49 | Build | House |
| 5:10 | Create | Villager (Male) |
| 5:10 | Create | Villager (Male) |
| 5:34 | Create | Villager (Male) ×4 |
| 5:34 | Create | Villager (Male) ×4 |
| 5:35 | Create | Villager (Male) ×4 |
| 6:09 | Create | Villager (Male) |
| 6:09 | Create | Villager (Male) |
| 6:40 | Create | Villager (Male) |
| 6:40 | Create | Villager (Male) |
| 6:40 | Create | Villager (Male) |
| 8:18 | Build | Mining Camp |
| 8:52 | Build | Mill |
| 8:57 | Research | Feudal Age |
| 9:56 | Build | Barracks |
| 10:01 | Create | Villager (Male) |
| 10:01 | Create | Villager (Male) |
| 10:11 | Build | House |
| 10:12 | Build | House |
| 10:32 | Build | Farm |
| 10:32 | Build | Farm |
| 10:32 | Build | Farm |
| 10:33 | Build | Farm |
| 10:33 | Build | Farm |
| 10:34 | Build | Farm |
| 10:35 | Build | Farm |
| 10:36 | Build | Farm |
| 10:36 | Build | Farm |
| 10:36 | Build | Farm |
| 10:37 | Build | Farm |
| 10:47 | Build | Farm |
| 10:47 | Build | Farm |
| 10:48 | Build | Farm |
| 10:48 | Build | Farm |
| 10:49 | Build | Farm |
| 10:49 | Build | Farm |
| 10:50 | Build | Farm |
| 10:50 | Build | Farm |
| 10:50 | Build | Farm |
| 10:50 | Build | Farm |
| 10:51 | Build | Farm |
| 11:10 | Age | Feudal Age |
| 11:15 | Build | Farm |
| 11:18 | Create | Villager (Male) |
| 11:36 | Research | Double-Bit Axe |
| 11:49 | Build | Farm |
| 11:59 | Create | Villager (Male) |
| 12:12 | Build | Farm |
| 12:13 | Build | Farm |
| 12:13 | Build | Farm |
| 12:14 | Build | Farm |
| 12:14 | Build | Farm |
| 12:15 | Build | Farm |
| 12:16 | Build | Farm |
| 12:17 | Build | Farm |
| 12:18 | Build | Farm |
| 12:20 | Build | Farm |
| 12:21 | Build | Farm |
| 12:21 | Build | Farm |
| 12:22 | Build | Farm |
| 12:22 | Build | Farm |
| 12:22 | Build | Farm |
| 12:23 | Build | Farm |
| 12:24 | Build | Farm |
| 12:24 | Build | Farm |
| 12:31 | Research | Loom |
| 12:36 | Create | Villager (Male) |
| 12:54 | Build | Farm |
| 12:54 | Build | Farm |
| 12:55 | Build | Farm |
| 12:55 | Build | Farm |
| 13:13 | Create | Villager (Male) |
| 13:13 | Create | Villager (Male) |
| 13:32 | Build | Blacksmith |
| 14:11 | Build | Stable |
| 14:31 | Build | Lumber Camp |
| 14:50 | Build | Farm |
| 15:11 | Create | Villager (Male) |
| 15:43 | Research | Castle Age |
| 16:06 | Research | Horse Collar |
| 16:33 | Build | Stable |
| 16:43 | Build | House |
| 16:44 | Build | House |
| 16:55 | Build | Stone Wall |
| 16:58 | Build | Stone Wall |
| 17:20 | Create | Villager (Male) |
| 17:20 | Create | Villager (Male) |
| 17:20 | Create | Villager (Male) |
| 17:26 | Build | Farm |
| 17:27 | Build | Farm |
| 17:27 | Build | Farm |
| 17:28 | Build | Farm |
| 17:35 | Research | Gold Mining |
| 17:35 | Research | Gold Mining |
| 18:11 | Build | Dock |
| 18:23 | Age | Castle Age |
| 18:28 | Create | Steppe Lancer |
| 18:28 | Create | Steppe Lancer |
| 18:29 | Create | Steppe Lancer |
| 18:29 | Create | Steppe Lancer |
| 18:29 | Create | Steppe Lancer |
| 18:55 | Create | Steppe Lancer |
| 18:55 | Create | Steppe Lancer |
| 19:18 | Build | Town Center |
| 19:24 | Create | Villager (Male) ×2 |
| 19:34 | Create | Steppe Lancer |
| 19:34 | Create | Steppe Lancer |
| 19:54 | Build | House |
| 20:16 | Build | Dock |
| 20:26 | Build | Dock |
| 20:39 | Create | Steppe Lancer ×3 |
| 20:39 | Create | Steppe Lancer ×3 |
| 20:48 | Create | Villager (Male) |
| 20:49 | Create | Villager (Male) |
| 20:49 | Create | Villager (Male) |
| 21:04 | Build | Farm |
| 21:04 | Build | Farm |
| 21:04 | Build | Farm |
| 21:05 | Build | Farm |
| 21:05 | Build | Farm |
| 21:05 | Build | Farm |
| 21:07 | Build | Farm |
| 21:07 | Build | Farm |
| 21:19 | Build | House |
| 21:22 | Build | House |
| 21:43 | Create | Villager (Male) |
| 21:43 | Create | Villager (Male) |
| 21:43 | Create | Villager (Male) |
Match timeline
| 9:32 | vitavidal91 · age_up feudal |
| 9:56 | GuilleLeopold17 · first_building Barracks |
| 10:18 | felipegarcia92 · first_building Barracks |
| 10:37 | El viejo7335 · age_up feudal |
| 11:00 | Solod · age_up feudal |
| 11:10 | GuilleLeopold17 · age_up feudal |
| 11:25 | MikeMeanMachine · age_up feudal |
| 12:06 | felipegarcia92 · age_up feudal |
| 12:17 | felipegarcia92 · first_building Stable |
| 12:20 | Solod · first_building Barracks |
| 12:30 | Antonio · age_up feudal |
| 12:34 | vitavidal91 · first_building Stable |
| 12:54 | MikeMeanMachine · first_market_buy 100 food |
| 13:43 | MikeMeanMachine · first_market_sell 100 stone |
| 13:46 | Solod · first_building Stable |
| 14:11 | GuilleLeopold17 · first_building Stable |
| 14:28 | Deathray · age_up feudal |
| 14:43 | Antonio · first_building Barracks |
| 15:34 | Antonio · wall_segment Palisade Wall x10 |
| 15:39 | Solod · age_up castle |
| 15:41 | Antonio · wall_segment Palisade Wall x8 |
| 15:44 | MikeMeanMachine · first_building Barracks |
| 16:48 | El viejo7335 · first_building Barracks |
| 16:55 | GuilleLeopold17 · wall_segment Stone Wall x6 |
| 16:58 | Antonio · age_up castle |
| 16:58 | GuilleLeopold17 · wall_segment Stone Wall x1 |
| 17:19 | vitavidal91 · age_up castle |
| 18:11 | GuilleLeopold17 · first_building Dock |
| 18:23 | GuilleLeopold17 · age_up castle |
| 18:28 | MikeMeanMachine · age_up castle |
| 18:50 | MikeMeanMachine · first_building Castle |
| 18:51 | Deathray · age_up castle |
| 19:08 | Deathray · first_building Castle |
| 19:37 | felipegarcia92 · age_up castle |
| 20:37 | felipegarcia92 · wall_segment Stone Wall x11 |
| 21:06 | Antonio · first_building Stable |
| 23:50 | MikeMeanMachine · first_building Archery Range |
| 24:01 | GuilleLeopold17 · wall_segment Stone Wall x7 |
| 24:08 | Deathray · first_building Siege Workshop |
| 24:33 | Deathray · age_up imperial |
| 24:43 | El viejo7335 · first_building Stable |
| 24:43 | Antonio · first_building Castle |
| 24:52 | Deathray · first_building Barracks |
| 25:38 | felipegarcia92 · wall_segment Stone Wall x9 |
| 25:48 | felipegarcia92 · first_building Dock |
| 26:11 | vitavidal91 · first_building Castle |
| 26:37 | GuilleLeopold17 · first_building Archery Range |
| 26:53 | El viejo7335 · age_up castle |
| 26:55 | GuilleLeopold17 · first_building Monastery |
| 26:56 | felipegarcia92 · first_building Castle |
| 27:43 | Deathray · first_market_buy 100 wood |
| 29:30 | vitavidal91 · first_building Monastery |
| 29:32 | Solod · first_building Monastery |
| 29:40 | GuilleLeopold17 · first_building Castle |
| 29:51 | GuilleLeopold17 · first_market_buy 100 food |
| 30:43 | Solod · first_building Archery Range |
| 32:54 | Solod · wall_segment Stone Wall x15 |
| 34:33 | GuilleLeopold17 · age_up imperial |
| 34:33 | El viejo7335 · first_building Castle |
| 35:10 | GuilleLeopold17 · first_building Siege Workshop |
| 35:34 | Solod · first_building Castle |
| 35:56 | MikeMeanMachine · age_up imperial |
| 36:05 | Solod · age_up imperial |
| 36:16 | Antonio · first_market_buy 100 wood |
| 36:58 | GuilleLeopold17 · wall_segment Stone Wall x4 |
| 37:21 | GuilleLeopold17 · wall_segment Stone Wall x7 |
| 37:40 | Deathray · first_market_sell 100 wood |
| 37:54 | vitavidal91 · age_up imperial |
| 38:38 | MikeMeanMachine · first_building Siege Workshop |
| 39:22 | El viejo7335 · age_up imperial |
| 39:45 | GuilleLeopold17 · wall_segment Stone Wall x4 |
| 39:54 | Antonio · age_up imperial |
| 40:43 | El viejo7335 · first_building Siege Workshop |
| 40:49 | Antonio · first_market_sell 500 food |
| 41:32 | GuilleLeopold17 · wall_segment Stone Wall x3 |
| 41:37 | Solod · resign |
| 42:15 | felipegarcia92 · age_up imperial |
[ AI ANALYSIS · 1 CREDIT ]
What really happened in this match?
Wolo.gg analyzes every decision: build order, eco, micro, common mistakes by bracket. Personalized analysis on WhatsApp or Discord in 30 seconds.
Civ guide
Poles
Perfil
Jugador #2549294